 Dungeon Crawl Stone Soup version 0.32-a0-42-ga30500b4d3 (webtiles) character file.

Game seed: 10740225624286968531

72 cforsyth the Magician (level 4, 0/35 HPs)
             Began as a Djinni Warper on Feb 1, 2024.
             Killed from afar by Natasha (8 damage)
             ... with a magic dart
             ... on level 3 of the Dungeon.
             The game lasted 00:03:49 (1549 turns).

cforsyth the Magician (Djinni Warper)               Turns: 1549, Time: 00:03:49

Health: 0/35       AC:  3    Str: 10    XL:     4   Next: 50%
Gold:   43         EV: 11    Int: 17    God:
                   SH:  0    Dex: 12

rFire   + + .        l - +1 short sword (speed)
rCold   x . .        (no shield)
rNeg    . . .        b - +0 leather armour
rPois   ∞            (no helmet)
rElec   .            (no cloak)
rCorr   .            (no gloves)
SInv    .            (boots unavailable)
Will    .....        (no amulet)
Stlth   +            (no ring)
HPRegen 0.25/turn    (no ring)
MPRegen 0.00/turn

%: infuse magic (-1 HP)
@: flying
A: sickness immunity, fire resistance 2, cold vulnerability 1, float, innate
caster, HP casting, extra vitality 1
a: no special abilities


You were on level 3 of the Dungeon.
You visited 1 branch of the dungeon, and saw 3 of its levels.

You collected 43 gold pieces.

Inventory:

Hand Weapons
 a - a +0 falchion
 l - a +1 short sword of speed (weapon)
Missiles
 d - 7 darts of dispersal (quivered)
Armour
 b - a +0 leather armour (worn)
Scrolls
 c - a scroll of blinking
 e - a scroll of vulnerability
 f - a scroll of poison
 j - 4 scrolls of identify {unknown}
 k - a scroll of fear {unknown}
Potions
 g - a potion of mutation {unknown}
 h - a potion of attraction {unknown}
 i - a potion of heal wounds {unknown}
 m - a potion of resistance {unknown}


   Skills:
 + Level 3.4 Fighting
 - Level 1.7 Long Blades
 - Level 0.7 Throwing
 - Level 1.0 Armour
 - Level 2.1 Dodging
 + Level 3.6 Spellcasting
 + Level 3.6 Conjurations
 + Level 3.6 Hexes
 + Level 3.6 Summonings
 + Level 3.6 Necromancy
 + Level 3.6 Translocations
 + Level 3.6 Fire Magic
 + Level 3.6 Ice Magic
 + Level 3.6 Air Magic
 + Level 3.6 Earth Magic
 + Level 3.6 Alchemy


You knew the following spells:

 Your Spells              Type           Power      Damage    Failure   Level
a - Blink                 Tloc           30%        N/A       8%          2
b - Lesser Beckoning      Tloc           30%        N/A       8%          2
c - Teleport Other        Tloc           15%        N/A       16%         3
d - Manifold Assault      Tloc           15%        N/A       45%         4
e - Vhi's Electric Charg  Tloc/Air       30%        N/A       45%         4
f - Slow                  Hex            60%        N/A       4%          1
Your spell library was empty.

Dungeon Overview and Level Annotations

Branches:
Dungeon (2/15)

Altars:

Annotations:
D:3 Grinder, Natasha


Innate Abilities, Weirdness & Mutations

You are immune to sickness and miasma.
You are immune to poison.
Your flesh is very heat resistant. (rF++)
You are vulnerable to cold. (rC-)
You float through the air rather than walking.
You learn spells naturally, not from books.
Your magical power is your life essence.
You have superior vitality. (+4 MHP)


Message History

You writhe in agony.
* * * LOW HITPOINT WARNING * * *
The gnoll throws a throwing net.
The throwing net barely misses you.
Grinder blinks!
Casting: Teleport Other (quite dangerous; 16% risk of failure)
Confirm with . or Enter, or press ? or * to list all spells.
Aiming: Teleport Other (quite dangerous; 16% risk of failure)
Press: ? - help, Shift-Dir - straight line, f/p - Grinder
Aim: Grinder (weak-willed, chance to affect: 63%) Grinder looks slightly unstable.
* * * LOW HITPOINT WARNING * * *
The rat bites you but does no damage.
You see here a throwing net.
The rat attacks as it pursues you! The rat bites you but does no damage.
The rat attacks as it pursues you! The rat bites you.
* * * LOW HITPOINT WARNING * * *
Your magical contamination has completely faded away.
The rat attacks as it pursues you! The rat misses you.
The rat attacks as it pursues you! The rat closely misses you.
The rat attacks as it pursues you! The rat barely misses you.
You feel your willpower return.
A jackal comes into view.
The jackal barks!
You hear a bark!
A bat comes into view.
The jackal moves out of view.
A jackal comes into view. x2
The bat hits you.
* * * LOW HITPOINT WARNING * * *
The rat attacks as it pursues you! The rat closely misses you.
The jackal barks!
The rat attacks as it pursues you! The rat bites you but does no damage.
The rat attacks as it pursues you! The rat closely misses you.
You aren't carrying any items that you can evoke.
Natasha and an endoplasm come into view.
Natasha hisses angrily.
The endoplasm quivers.
Natasha stares at you and mumbles some strange words.
The magic dart hits you!
You die...
Natasha curls up and begins to purr.

.# #.# ## ##.## ..
#...### ## #. .....
... #. ...# ....
#.##.########.##.....
#....@.rbh.h.g.....#
####.########g##...#
#. #.# # hJ #g# ###
#g# #.# #g#
########.##
#.g.gg....#


You could see Natasha, an endoplasm, 2 jackals, a bat and a rat.

Vanquished Creatures
  An orc priest (D:3)
  An adder (D:2)
  2 dart slugs
  2 endoplasms
  3 giant cockroaches (D:1)
  2 goblins
  2 hobgoblins
  4 kobolds
  A quokka (D:1)
  2 ball pythons (D:1)
  3 bats
  5 frilled lizards
  2 rats (D:1)
30 creatures vanquished.

Notes
Turn   | Place    | Note
-------+----------+-------------------------------------------
     0 | D:1      | cforsyth the Djinni Warper began the quest for the Orb.
     0 | D:1      | cforsyth set off with the following spells memorised:
                  | Blink, Lesser Beckoning, Teleport Other, Manifold Assault,
                  | Vhi's Electric Charge.
     0 | D:1      | Reached XP level 1. HP: 18/18 MP: 0/0
   148 | D:1      | Reached XP level 2. HP: 21/23 MP: 0/0
   514 | D:1      | Reached XP level 3. HP: 25/29 MP: 0/0
   514 | D:1      | Learned a level 1 spell: Slow
   994 | D:2      | Found a faded altar of an unknown god.
  1135 | D:2      | You are sucked into a shaft and drop 1 floor!
  1215 | D:3      | Reached XP level 4. HP: 9/35 MP: 0/0
  1401 | D:3      | Noticed Grinder
  1507 | D:3      | Paralysed by Grinder for 3 turns
  1515 | D:3      | Paralysed by Grinder for 4 turns
  1521 | D:3      | Paralysed by Grinder for 4 turns
  1549 | D:3      | Noticed Natasha
  1549 | D:3      | Killed from afar by Natasha

Illustrated notes

Levels and vault maps discovered:
D:1:      kennysheep_arrival_forest, layout_basic
D:2:      layout_loops_ring, shapermc_ecumenical_altar_mp_urbaneastern
D:3:      layout_loops_corners, uniq_grinder, uniq_natasha,
          uniq_crazy_yiuf_cottage, uniq_robin, uniq_pargi

Skill      XL: |  1  2  3 |
---------------+----------+-----
Spellcasting   | 3 |  3.6
Conjurations   | 3 |  3.6
Hexes          | 3 |  3.6
Summonings     | 3 |  3.6
Necromancy     | 3 |  3.6
Translocations | 3 |  3.6
Fire Magic     | 3 |  3.6
Ice Magic      | 3 |  3.6
Air Magic      | 3 |  3.6
Earth Magic    | 3 |  3.6
Alchemy        | 3 |  3.6
Fighting       | 3 |  3.4
Long Blades    | |  1.7
Throwing       | |  0.7
Armour         | |  1.0
Dodging        | |  2.1

Action                     |  1- 3 |  4- 6 || total
---------------------------+-------+-------++-------
  Melee: Falchion          |    83 |       ||    83
         Short sword       |    38 |     7 ||    45
         Punch             |     2 |       ||     2
   Cast: Slow              |     4 |     1 ||     5
         Teleport Other    |       |     4 ||     4
         Lesser Beckoning  |       |     1 ||     1
    Use: Scroll            |       |     2 ||     2
   Stab: Sleeping          |     1 |       ||     1
 Armour: Leather armour    |    79 |    14 ||    93
  Dodge: Dodged            |    73 |    11 ||    84

Table legend: (Time is in decaauts)
 A = Elapsed time spent in this place.
 B = Non-inter-level travel time spent in this place.
 C = Inter-level travel time spent in this place.
 D = Time resting spent in this place.
 E = Time spent auto-exploring this place.
 F = Levels seen in this place.
 G = Mean time per level.
                   A        B        C        D        E       F      G
               +--------+--------+--------+--------+--------+-----+--------+
         Total |   1549 |   1525 |     24 |      6 |   1095 |   3 |  516.3 |
       Dungeon |   1549 |   1525 |     24 |      6 |   1095 |   3 |  516.3 |
               +--------+--------+--------+--------+--------+-----+--------+

Top non-repeatable levels by time:
     D:1: 886 daAuts
     D:3: 403 daAuts
     D:2: 259 daAuts
